Workbook

Sheet Anleitung
A1: Musterfuchs Haushaltsbuch 2026
A3: So funktioniert die Vorlage:
A4: 1. Blatt „Kategorien“: Passen Sie die Listen der Ausgaben- und Einnahmekategorien bei Bedarf an (Zellen einfach überschreiben oder ergänzen).
A5: 2. Monatsblätter „Januar“ bis „Dezember“: Tragen Sie jede Buchung in eine Zeile ein – Datum, Kategorie (Auswahlliste), Beschreibung und den Betrag entweder in „Einnahme“ oder in „Ausgabe“.
A6: 3. Die Summen und der Monatssaldo unten im Blatt berechnen sich automatisch.
A7: 4. Blatt „Jahresübersicht“: Zeigt pro Monat die Summe je Kategorie, Gesamteinnahmen, Gesamtausgaben und den Saldo – alles per Formel, nichts muss eingetippt werden.
A9: Hinweise:
A10: • Beträge immer positiv eintragen (Ausgaben nicht mit Minus). Die Spalte entscheidet, ob es eine Einnahme oder Ausgabe ist.
A11: • Pro Monatsblatt sind 60 Buchungszeilen vorbereitet. Reicht das nicht, fügen Sie neue Zeilen innerhalb des Buchungsbereichs ein (z. B. Zeile 63 markieren und „Zeilen einfügen“ wählen) – dann passen sich die Formeln an. Nicht direkt über der Summenzeile einfügen, sonst liegen die Zeilen außerhalb des Formelbereichs.
A12: • Die Datei enthält keine Makros und keine Verknüpfungen nach außen.
A14: Kostenlose Vorlage von musterfuchs.de – sorgfältig erstelltes Muster, Stand: August 2026. Keine Steuer- oder Finanzberatung.

Sheet Kategorien
A1: Ausgabenkategorien | B1: Einnahmekategorien
A2: Miete | B2: Gehalt
A3: Nebenkosten | B3: Sonstiges
A4: Lebensmittel
A5: Mobilität
A6: Versicherungen
A7: Freizeit
A8: Sonstiges
A20: Listen frei editierbar (bis Zeile 15). Leere Zellen werden ignoriert.

Sheet Januar
A1: Haushaltsbuch Januar 2026
A3: Datum | B3: Kategorie | C3: Beschreibung | D3: Einnahme | E3: Ausgabe
C64: Summe | D64: =SUM(D4:D63) | E64: =SUM(E4:E63)
C65: Saldo (Einnahmen − Ausgaben) | D65: =D64-E64

Sheet Februar
A1: Haushaltsbuch Februar 2026
A3: Datum | B3: Kategorie | C3: Beschreibung | D3: Einnahme | E3: Ausgabe
C64: Summe | D64: =SUM(D4:D63) | E64: =SUM(E4:E63)
C65: Saldo (Einnahmen − Ausgaben) | D65: =D64-E64

Sheet März
A1: Haushaltsbuch März 2026
A3: Datum | B3: Kategorie | C3: Beschreibung | D3: Einnahme | E3: Ausgabe
C64: Summe | D64: =SUM(D4:D63) | E64: =SUM(E4:E63)
C65: Saldo (Einnahmen − Ausgaben) | D65: =D64-E64

Sheet April
A1: Haushaltsbuch April 2026
A3: Datum | B3: Kategorie | C3: Beschreibung | D3: Einnahme | E3: Ausgabe
C64: Summe | D64: =SUM(D4:D63) | E64: =SUM(E4:E63)
C65: Saldo (Einnahmen − Ausgaben) | D65: =D64-E64

Sheet Mai
A1: Haushaltsbuch Mai 2026
A3: Datum | B3: Kategorie | C3: Beschreibung | D3: Einnahme | E3: Ausgabe
C64: Summe | D64: =SUM(D4:D63) | E64: =SUM(E4:E63)
C65: Saldo (Einnahmen − Ausgaben) | D65: =D64-E64

Sheet Juni
A1: Haushaltsbuch Juni 2026
A3: Datum | B3: Kategorie | C3: Beschreibung | D3: Einnahme | E3: Ausgabe
C64: Summe | D64: =SUM(D4:D63) | E64: =SUM(E4:E63)
C65: Saldo (Einnahmen − Ausgaben) | D65: =D64-E64

Sheet Juli
A1: Haushaltsbuch Juli 2026
A3: Datum | B3: Kategorie | C3: Beschreibung | D3: Einnahme | E3: Ausgabe
C64: Summe | D64: =SUM(D4:D63) | E64: =SUM(E4:E63)
C65: Saldo (Einnahmen − Ausgaben) | D65: =D64-E64

Sheet August
A1: Haushaltsbuch August 2026
A3: Datum | B3: Kategorie | C3: Beschreibung | D3: Einnahme | E3: Ausgabe
C64: Summe | D64: =SUM(D4:D63) | E64: =SUM(E4:E63)
C65: Saldo (Einnahmen − Ausgaben) | D65: =D64-E64

Sheet September
A1: Haushaltsbuch September 2026
A3: Datum | B3: Kategorie | C3: Beschreibung | D3: Einnahme | E3: Ausgabe
C64: Summe | D64: =SUM(D4:D63) | E64: =SUM(E4:E63)
C65: Saldo (Einnahmen − Ausgaben) | D65: =D64-E64

Sheet Oktober
A1: Haushaltsbuch Oktober 2026
A3: Datum | B3: Kategorie | C3: Beschreibung | D3: Einnahme | E3: Ausgabe
C64: Summe | D64: =SUM(D4:D63) | E64: =SUM(E4:E63)
C65: Saldo (Einnahmen − Ausgaben) | D65: =D64-E64

Sheet November
A1: Haushaltsbuch November 2026
A3: Datum | B3: Kategorie | C3: Beschreibung | D3: Einnahme | E3: Ausgabe
C64: Summe | D64: =SUM(D4:D63) | E64: =SUM(E4:E63)
C65: Saldo (Einnahmen − Ausgaben) | D65: =D64-E64

Sheet Dezember
A1: Haushaltsbuch Dezember 2026
A3: Datum | B3: Kategorie | C3: Beschreibung | D3: Einnahme | E3: Ausgabe
C64: Summe | D64: =SUM(D4:D63) | E64: =SUM(E4:E63)
C65: Saldo (Einnahmen − Ausgaben) | D65: =D64-E64

Sheet Jahresübersicht
A1: Jahresübersicht 2026
A3: Kategorie | B3: Januar | C3: Februar | D3: März | E3: April | F3: Mai | G3: Juni | H3: Juli | I3: August | J3: September | K3: Oktober | L3: November | M3: Dezember | N3: Gesamt
A4: AUSGABEN
A5: Miete | B5: =SUMIF('Januar'!$B$4:$B$63,$A5,'Januar'!$E$4:$E$63) | C5: =SUMIF('Februar'!$B$4:$B$63,$A5,'Februar'!$E$4:$E$63) | D5: =SUMIF('März'!$B$4:$B$63,$A5,'März'!$E$4:$E$63) | E5: =SUMIF('April'!$B$4:$B$63,$A5,'April'!$E$4:$E$63) | F5: =SUMIF('Mai'!$B$4:$B$63,$A5,'Mai'!$E$4:$E$63) | G5: =SUMIF('Juni'!$B$4:$B$63,$A5,'Juni'!$E$4:$E$63) | H5: =SUMIF('Juli'!$B$4:$B$63,$A5,'Juli'!$E$4:$E$63) | I5: =SUMIF('August'!$B$4:$B$63,$A5,'August'!$E$4:$E$63) | J5: =SUMIF('September'!$B$4:$B$63,$A5,'September'!$E$4:$E$63) | K5: =SUMIF('Oktober'!$B$4:$B$63,$A5,'Oktober'!$E$4:$E$63) | L5: =SUMIF('November'!$B$4:$B$63,$A5,'November'!$E$4:$E$63) | M5: =SUMIF('Dezember'!$B$4:$B$63,$A5,'Dezember'!$E$4:$E$63) | N5: =SUM(B5:M5)
A6: Nebenkosten | B6: =SUMIF('Januar'!$B$4:$B$63,$A6,'Januar'!$E$4:$E$63) | C6: =SUMIF('Februar'!$B$4:$B$63,$A6,'Februar'!$E$4:$E$63) | D6: =SUMIF('März'!$B$4:$B$63,$A6,'März'!$E$4:$E$63) | E6: =SUMIF('April'!$B$4:$B$63,$A6,'April'!$E$4:$E$63) | F6: =SUMIF('Mai'!$B$4:$B$63,$A6,'Mai'!$E$4:$E$63) | G6: =SUMIF('Juni'!$B$4:$B$63,$A6,'Juni'!$E$4:$E$63) | H6: =SUMIF('Juli'!$B$4:$B$63,$A6,'Juli'!$E$4:$E$63) | I6: =SUMIF('August'!$B$4:$B$63,$A6,'August'!$E$4:$E$63) | J6: =SUMIF('September'!$B$4:$B$63,$A6,'September'!$E$4:$E$63) | K6: =SUMIF('Oktober'!$B$4:$B$63,$A6,'Oktober'!$E$4:$E$63) | L6: =SUMIF('November'!$B$4:$B$63,$A6,'November'!$E$4:$E$63) | M6: =SUMIF('Dezember'!$B$4:$B$63,$A6,'Dezember'!$E$4:$E$63) | N6: =SUM(B6:M6)
A7: Lebensmittel | B7: =SUMIF('Januar'!$B$4:$B$63,$A7,'Januar'!$E$4:$E$63) | C7: =SUMIF('Februar'!$B$4:$B$63,$A7,'Februar'!$E$4:$E$63) | D7: =SUMIF('März'!$B$4:$B$63,$A7,'März'!$E$4:$E$63) | E7: =SUMIF('April'!$B$4:$B$63,$A7,'April'!$E$4:$E$63) | F7: =SUMIF('Mai'!$B$4:$B$63,$A7,'Mai'!$E$4:$E$63) | G7: =SUMIF('Juni'!$B$4:$B$63,$A7,'Juni'!$E$4:$E$63) | H7: =SUMIF('Juli'!$B$4:$B$63,$A7,'Juli'!$E$4:$E$63) | I7: =SUMIF('August'!$B$4:$B$63,$A7,'August'!$E$4:$E$63) | J7: =SUMIF('September'!$B$4:$B$63,$A7,'September'!$E$4:$E$63) | K7: =SUMIF('Oktober'!$B$4:$B$63,$A7,'Oktober'!$E$4:$E$63) | L7: =SUMIF('November'!$B$4:$B$63,$A7,'November'!$E$4:$E$63) | M7: =SUMIF('Dezember'!$B$4:$B$63,$A7,'Dezember'!$E$4:$E$63) | N7: =SUM(B7:M7)
A8: Mobilität | B8: =SUMIF('Januar'!$B$4:$B$63,$A8,'Januar'!$E$4:$E$63) | C8: =SUMIF('Februar'!$B$4:$B$63,$A8,'Februar'!$E$4:$E$63) | D8: =SUMIF('März'!$B$4:$B$63,$A8,'März'!$E$4:$E$63) | E8: =SUMIF('April'!$B$4:$B$63,$A8,'April'!$E$4:$E$63) | F8: =SUMIF('Mai'!$B$4:$B$63,$A8,'Mai'!$E$4:$E$63) | G8: =SUMIF('Juni'!$B$4:$B$63,$A8,'Juni'!$E$4:$E$63) | H8: =SUMIF('Juli'!$B$4:$B$63,$A8,'Juli'!$E$4:$E$63) | I8: =SUMIF('August'!$B$4:$B$63,$A8,'August'!$E$4:$E$63) | J8: =SUMIF('September'!$B$4:$B$63,$A8,'September'!$E$4:$E$63) | K8: =SUMIF('Oktober'!$B$4:$B$63,$A8,'Oktober'!$E$4:$E$63) | L8: =SUMIF('November'!$B$4:$B$63,$A8,'November'!$E$4:$E$63) | M8: =SUMIF('Dezember'!$B$4:$B$63,$A8,'Dezember'!$E$4:$E$63) | N8: =SUM(B8:M8)
A9: Versicherungen | B9: =SUMIF('Januar'!$B$4:$B$63,$A9,'Januar'!$E$4:$E$63) | C9: =SUMIF('Februar'!$B$4:$B$63,$A9,'Februar'!$E$4:$E$63) | D9: =SUMIF('März'!$B$4:$B$63,$A9,'März'!$E$4:$E$63) | E9: =SUMIF('April'!$B$4:$B$63,$A9,'April'!$E$4:$E$63) | F9: =SUMIF('Mai'!$B$4:$B$63,$A9,'Mai'!$E$4:$E$63) | G9: =SUMIF('Juni'!$B$4:$B$63,$A9,'Juni'!$E$4:$E$63) | H9: =SUMIF('Juli'!$B$4:$B$63,$A9,'Juli'!$E$4:$E$63) | I9: =SUMIF('August'!$B$4:$B$63,$A9,'August'!$E$4:$E$63) | J9: =SUMIF('September'!$B$4:$B$63,$A9,'September'!$E$4:$E$63) | K9: =SUMIF('Oktober'!$B$4:$B$63,$A9,'Oktober'!$E$4:$E$63) | L9: =SUMIF('November'!$B$4:$B$63,$A9,'November'!$E$4:$E$63) | M9: =SUMIF('Dezember'!$B$4:$B$63,$A9,'Dezember'!$E$4:$E$63) | N9: =SUM(B9:M9)
A10: Freizeit | B10: =SUMIF('Januar'!$B$4:$B$63,$A10,'Januar'!$E$4:$E$63) | C10: =SUMIF('Februar'!$B$4:$B$63,$A10,'Februar'!$E$4:$E$63) | D10: =SUMIF('März'!$B$4:$B$63,$A10,'März'!$E$4:$E$63) | E10: =SUMIF('April'!$B$4:$B$63,$A10,'April'!$E$4:$E$63) | F10: =SUMIF('Mai'!$B$4:$B$63,$A10,'Mai'!$E$4:$E$63) | G10: =SUMIF('Juni'!$B$4:$B$63,$A10,'Juni'!$E$4:$E$63) | H10: =SUMIF('Juli'!$B$4:$B$63,$A10,'Juli'!$E$4:$E$63) | I10: =SUMIF('August'!$B$4:$B$63,$A10,'August'!$E$4:$E$63) | J10: =SUMIF('September'!$B$4:$B$63,$A10,'September'!$E$4:$E$63) | K10: =SUMIF('Oktober'!$B$4:$B$63,$A10,'Oktober'!$E$4:$E$63) | L10: =SUMIF('November'!$B$4:$B$63,$A10,'November'!$E$4:$E$63) | M10: =SUMIF('Dezember'!$B$4:$B$63,$A10,'Dezember'!$E$4:$E$63) | N10: =SUM(B10:M10)
A11: Sonstiges | B11: =SUMIF('Januar'!$B$4:$B$63,$A11,'Januar'!$E$4:$E$63) | C11: =SUMIF('Februar'!$B$4:$B$63,$A11,'Februar'!$E$4:$E$63) | D11: =SUMIF('März'!$B$4:$B$63,$A11,'März'!$E$4:$E$63) | E11: =SUMIF('April'!$B$4:$B$63,$A11,'April'!$E$4:$E$63) | F11: =SUMIF('Mai'!$B$4:$B$63,$A11,'Mai'!$E$4:$E$63) | G11: =SUMIF('Juni'!$B$4:$B$63,$A11,'Juni'!$E$4:$E$63) | H11: =SUMIF('Juli'!$B$4:$B$63,$A11,'Juli'!$E$4:$E$63) | I11: =SUMIF('August'!$B$4:$B$63,$A11,'August'!$E$4:$E$63) | J11: =SUMIF('September'!$B$4:$B$63,$A11,'September'!$E$4:$E$63) | K11: =SUMIF('Oktober'!$B$4:$B$63,$A11,'Oktober'!$E$4:$E$63) | L11: =SUMIF('November'!$B$4:$B$63,$A11,'November'!$E$4:$E$63) | M11: =SUMIF('Dezember'!$B$4:$B$63,$A11,'Dezember'!$E$4:$E$63) | N11: =SUM(B11:M11)
A12: Ausgaben gesamt | B12: =SUM(B5:B11) | C12: =SUM(C5:C11) | D12: =SUM(D5:D11) | E12: =SUM(E5:E11) | F12: =SUM(F5:F11) | G12: =SUM(G5:G11) | H12: =SUM(H5:H11) | I12: =SUM(I5:I11) | ... M12: =SUM(M5:M11) | N12: =SUM(B12:M12)
A14: EINNAHMEN
A15: Gehalt | B15: =SUMIF('Januar'!$B$4:$B$63,$A15,'Januar'!$D$4:$D$63) | C15: =SUMIF('Februar'!$B$4:$B$63,$A15,'Februar'!$D$4:$D$63) | D15: =SUMIF('März'!$B$4:$B$63,$A15,'März'!$D$4:$D$63) | E15: =SUMIF('April'!$B$4:$B$63,$A15,'April'!$D$4:$D$63) | F15: =SUMIF('Mai'!$B$4:$B$63,$A15,'Mai'!$D$4:$D$63) | G15: =SUMIF('Juni'!$B$4:$B$63,$A15,'Juni'!$D$4:$D$63) | H15: =SUMIF('Juli'!$B$4:$B$63,$A15,'Juli'!$D$4:$D$63) | I15: =SUMIF('August'!$B$4:$B$63,$A15,'August'!$D$4:$D$63) | J15: =SUMIF('September'!$B$4:$B$63,$A15,'September'!$D$4:$D$63) | K15: =SUMIF('Oktober'!$B$4:$B$63,$A15,'Oktober'!$D$4:$D$63) | L15: =SUMIF('November'!$B$4:$B$63,$A15,'November'!$D$4:$D$63) | M15: =SUMIF('Dezember'!$B$4:$B$63,$A15,'Dezember'!$D$4:$D$63) | N15: =SUM(B15:M15)
A16: Sonstiges | B16: =SUMIF('Januar'!$B$4:$B$63,$A16,'Januar'!$D$4:$D$63) | C16: =SUMIF('Februar'!$B$4:$B$63,$A16,'Februar'!$D$4:$D$63) | D16: =SUMIF('März'!$B$4:$B$63,$A16,'März'!$D$4:$D$63) | E16: =SUMIF('April'!$B$4:$B$63,$A16,'April'!$D$4:$D$63) | F16: =SUMIF('Mai'!$B$4:$B$63,$A16,'Mai'!$D$4:$D$63) | G16: =SUMIF('Juni'!$B$4:$B$63,$A16,'Juni'!$D$4:$D$63) | H16: =SUMIF('Juli'!$B$4:$B$63,$A16,'Juli'!$D$4:$D$63) | I16: =SUMIF('August'!$B$4:$B$63,$A16,'August'!$D$4:$D$63) | J16: =SUMIF('September'!$B$4:$B$63,$A16,'September'!$D$4:$D$63) | K16: =SUMIF('Oktober'!$B$4:$B$63,$A16,'Oktober'!$D$4:$D$63) | L16: =SUMIF('November'!$B$4:$B$63,$A16,'November'!$D$4:$D$63) | M16: =SUMIF('Dezember'!$B$4:$B$63,$A16,'Dezember'!$D$4:$D$63) | N16: =SUM(B16:M16)
A17: Einnahmen gesamt | B17: =SUM(B15:B16) | C17: =SUM(C15:C16) | D17: =SUM(D15:D16) | E17: =SUM(E15:E16) | F17: =SUM(F15:F16) | G17: =SUM(G15:G16) | H17: =SUM(H15:H16) | I17: =SUM(I15:I16) | ... M17: =SUM(M15:M16) | N17: =SUM(B17:M17)
A19: Saldo (Einnahmen − Ausgaben) | B19: =B17-B12 | C19: =C17-C12 | D19: =D17-D12 | E19: =E17-E12 | F19: =F17-F12 | G19: =G17-G12 | H19: =H17-H12 | I19: =I17-I12 | ... N19: =N17-N12
A21: Hinweis: Die Kategorienamen in Spalte A müssen mit dem Blatt „Kategorien“ übereinstimmen. Kategorien, die nur im Blatt „Kategorien“ ergänzt wurden, hier als neue Zeile eintragen und Formel kopieren.
